 Dungeon Crawl Stone Soup version 0.28-a0-779-g3d1f99b579 (webtiles) character file.

Game seed: 10923252581861069940

148 meatgazer the Skirmisher (level 5, -26/43 HPs)
             Began as a Demonspawn Abyssal Knight on Nov 2, 2021.
             Was a Follower of Lugonu.
             Annihilated by a large abomination (37 damage)
             ... on level 2 of the Abyss.
             The game lasted 00:00:51 (107 turns).

meatgazer the Skirmisher (Demonspawn Abyssal Knight) Turns: 107, Time: 00:00:52

Health: -26/43     AC:  3    Str: 15    XL:     5   Next: 8%
Magic:  5/7        EV: 11    Int: 11    God:    Lugonu [*.....]
Gold:   0          SH:  0    Dex: 13    Spells: 4/4 levels left

rFire   . . .      SeeInvis .   a - +1 falchion
rCold   . . .      Faith    .   (no shield)
rNeg    . . .      Spirit   .   b - +0 leather armour
rPois   .          Reflect  .   (no helmet)
rElec   .          Harm     .   (no cloak)
rCorr   .          Rampage  .   (no gloves)
Will    .....                   (no boots)
Stlth   +.........              (no amulet)
HPRegen 0.14/turn               (no ring)
MPRegen 0.10/turn               (no ring)

@: no status effects
A: hooves 1, spiny 1
a: Renounce Religion, Depart the Abyss


You were on level 2 of the Abyss.
You worshipped Lugonu.
Lugonu was aware of your devotion.
You visited 0 branches of the dungeon, and saw 0 of its levels.
You visited the Abyss 1 time.

Inventory:

Hand Weapons
 a - a +1 falchion (weapon)
Armour
 b - a +0 leather armour (worn)
Wands
 c - a wand of iceblast (1)


   Skills:
 + Level 4.7 Fighting
 + Level 2.3 Long Blades
 + Level 2.3 Armour
 + Level 1.0 Dodging
 + Level 3.2 Invocations
 + Level 0.6 Evocations


You had 4 spell levels left.
You didn't know any spells.
Your spell library was empty.

Dungeon Overview and Level Annotations

Branches:
Dungeon (0/15)

Altars:


Innate Abilities, Weirdness & Mutations

You have large cloven feet.
You are partially covered in sharp spines.


Message History

You have reached level 5!
The substance of the Abyss twists violently, and a gateway leading out appears!
A large abomination comes into view.
Aiming: Iceblast
Press: ? - help, Shift-Dir - straight line, f - you
Okay, then.
Aiming: Iceblast
Press: ? - help, Shift-Dir - straight line The mass of ice explodes!
The iceblast engulfs the large abomination but does no damage.
Aiming: Iceblast
Press: ? - help, Shift-Dir - straight line The mass of ice explodes!
The iceblast engulfs the large abomination.
The large abomination is lightly damaged.
Aiming: Iceblast
Press: ? - help, Shift-Dir - straight line, f - large abomination
Aim: a large abomination (lightly damaged)
The mass of ice explodes!
The iceblast engulfs the large abomination!
The large abomination is moderately damaged.
Aiming: Iceblast
Press: ? - help, Shift-Dir - straight line, f/p - large abomination
Aim: a large abomination (moderately damaged)
The mass of ice explodes!
The iceblast engulfs the large abomination.
The large abomination is moderately damaged.
Aiming: Iceblast
Press: ? - help, Shift-Dir - straight line, f/p - large abomination
Aim: a large abomination (moderately damaged)
The mass of ice explodes!
The iceblast engulfs the large abomination.
The large abomination is moderately damaged.
The large abomination hits you!!
Ouch! That really hurt!
* * * LOW HITPOINT WARNING * * *
There is a gateway leading out of the Abyss, spattered with blood here.
The large abomination hits you!!!
Ouch! That really hurt!
You die...

. .. . ≈ . #.
# . .# . . ..
#.. . #......
. . . ##..# ..
...# # .# .
...#..# ##$...
#.#
.#.#.#..##....
. . #
#.#....#... #
#.#...#.#
###...#.X.##
..#.@.# #
###.#.## # #.
#.# .#. ... #
..#. #...§#.
...#3 . ....
#.## #..#.


You could see a large abomination.

Vanquished Creatures
  A ynoxinul (Abyss:2)
1 creature vanquished.

Notes
Turn   | Place    | Note
-------+----------+-------------------------------------------
     0 | Abyss:1  | meatgazer the Demonspawn Abyssal Knight began the quest for
                  | the Orb.
     0 | Abyss:1  | Reached XP level 1. HP: 18/18 MP: 2/2
    10 | Abyss:2  | Found a corrupted altar of Lugonu.
    60 | Abyss:2  | Noticed a ynoxinul
    68 | Abyss:2  | Killed a ynoxinul
    69 | Abyss:2  | Reached skill level 4 in Fighting
    69 | Abyss:2  | Reached skill level 1 in Dodging
    69 | Abyss:2  | Gained mutation: You have large cloven feet. [demonic
                  | ancestry]
    69 | Abyss:2  | Reached XP level 2. HP: 26/26 MP: 2/4
    69 | Abyss:2  | Gained mutation: You are partially covered in sharp spines.
                  | [demonic ancestry]
    69 | Abyss:2  | Reached XP level 3. HP: 31/31 MP: 2/5
    69 | Abyss:2  | Reached XP level 4. HP: 38/38 MP: 2/6
    69 | Abyss:2  | Reached XP level 5. HP: 43/43 MP: 2/7
    99 | Abyss:2  | Noticed a large abomination
   107 | Abyss:2  | Annihilated by a large abomination

Illustrated notes

Levels and vault maps discovered:
Abyss:2:  base:
Temple

Skill      XL: |  1 |
---------------+----+-----
Fighting       | 4 |  4.7
Long Blades    | 2 |  2.3
Armour         | 2 |  2.3
Dodging        | 1 |  1.0
Invocations    | 3 |  3.2
Evocations     | |  0.6

Action                   |  1- 3 |  4- 6 || total
-------------------------+-------+-------++-------
Melee: Falchion          |     1 |       ||     1
Evoke: Wand              |     5 |     5 ||    10
Dodge: Dodged            |     1 |       ||     1

Table legend: (Time is in decaauts)
 A = Elapsed time spent in this place.
 B = Non-inter-level travel time spent in this place.
 C = Inter-level travel time spent in this place.
 D = Time resting spent in this place.
 E = Time spent auto-exploring this place.
 F = Levels seen in this place.
 G = Mean time per level.
                   A        B        C        D        E       F      G
               +--------+--------+--------+--------+--------+-----+--------+
         Total |    107 |    107 |      0 |      0 |     78 |   2 |   53.5 |
         Abyss |    107 |    107 |      0 |      0 |     78 |   2 |   53.5 |
               +--------+--------+--------+--------+--------+-----+--------+

Top non-repeatable levels by time:
 Abyss:2: 97 daAuts
 Abyss:1: 10 daAuts
